 Dungeon Crawl Stone Soup version 0.28-a0-595-g9f6c0e134a (webtiles) character file.

Game seed: 15600479682442840947

0 meatgazer the Skirmisher (level 1, -17/27 HPs)
             Began as a Demonspawn Abyssal Knight on Oct 4, 2021.
             Was a Follower of Lugonu.
             Demolished by a tentacle (23 damage)
             ... attached to a kraken
             ... on level 2 of the Abyss.
             The game lasted 00:00:59 (127 turns).

meatgazer the Skirmisher (Demonspawn Abyssal Knight) Turns: 127, Time: 00:01:00

Health: -17/27     AC:  3    Str: 13    XL:     1   Next: 0%
Magic:  2/2        EV: 11    Int: 11    God:    Lugonu [*.....]
Gold:   9          SH:  0    Dex: 13    Spells: 0/0 levels left

rFire   . . .      SeeInvis .   a - +1 falchion
rCold   . . .      Faith    .   (no shield)
rNeg    . . .      Spirit   .   b - +0 leather armour
rPois   .          Reflect  .   (no helmet)
rElec   .          Harm     .   (no cloak)
rCorr   .          Rampage  .   (no gloves)
Will    .....                   (no boots)
Stlth   ..........              (no amulet)
HPRegen 0.09/turn               (no ring)
MPRegen 0.08/turn               (no ring)

@: berserking, very quick
A: no striking features
a: Renounce Religion, Depart the Abyss


You were on level 2 of the Abyss.
You worshipped Lugonu.
Lugonu was aware of your devotion.
You visited 0 branches of the dungeon, and saw 0 of its levels.
You visited the Abyss 1 time.

You collected 9 gold pieces.

Inventory:

Hand Weapons
 a - a +1 falchion (weapon)
Armour
 b - a +0 leather armour (worn)
Potions
 d - a potion of lignification {unknown}


   Skills:
 + Level 3.0 Fighting
 + Level 1.7 Long Blades
 + Level 1.7 Armour
 + Level 0.8 Dodging
 + Level 2.4 Invocations


You couldn't memorise any spells.
You didn't know any spells.
Your spell library was empty.

Dungeon Overview and Level Annotations

Branches:
Dungeon (0/15)

Altars:


Message History

c - an inky potion
Found a gateway leading deeper into the Abyss.
d - a smoky golden potion
There is a gateway leading deeper into the Abyss here.
You plunge deeper into the Abyss.
You now have 9 gold pieces.
Found a short sword.
Found a gateway leading deeper into the Abyss.
You see here a +0 short sword.
Tentacles burst out of the water! 4 tentacles come into view.
Found a scroll labelled ADUDGH XILEA.
Found a gateway leading out of the Abyss.
Found a silvery potion.
Found a scale mail.
A raiju comes into view.
You see here a scroll labelled ADUDGH XILEA.
e - a scroll labelled ADUDGH XILEA 2 raiju come into view.
Tentacles burst out of the water! 3 tentacles come into view.
There is a gateway leading out of the Abyss here.
As you read the scroll labelled ADUDGH XILEA, it crumbles to dust.
You hear a loud clanging noise!
It was a scroll of noise.
The raiju barks!
You hear a bark!
You hear a roar!
You hear a bark!
You hear a chilling moan.
You hear a bark!
The raiju bursts into living lightning!
The living lightning hits you!
Ouch! That really hurt!
* * * LOW HITPOINT WARNING * * *
The raiju blinks!
A raiju comes into view.
An efreet comes into view.
It is wielding a +2 scimitar of flaming.
A spatial vortex and a tentacle come into view.
It was a potion of berserk rage.
A red film seems to cover your vision as you go berserk!
You feel yourself moving faster!
You feel mighty! The tentacle slaps you!!
Ouch! That really hurt!
You die...

≈≈≈§≈≈≈≈≈ .≈
§R≈≈X..≈.
≈.≈≈≈*≈≈≈≈.###
≈ ≈≈≈≈≈≈*≈#..
≈≈≈≈≈≈≈≈≈≈w..
≈≈≈≈≈*≈≈≈≈..#
..≈≈≈.≈≈.\..
..≈≈≈.≈w│hw# ..
# #..#@# . .#
#...#.# ..###
##.###..
.#.###.####....
..#........#
#.... . ...#.
..#.h h.h#
....#...#.#
..#§§
.#..##.#.. . v.
.#..#..##[###


You could see a kraken, a spatial vortex, 3 tentacles, an efreet and 3 raiju.

Vanquished Creatures (others)
  4 tentacles (Abyss:2)
4 creatures vanquished.

Notes
Turn   | Place    | Note
-------+----------+-------------------------------------------
     0 | Abyss:1  | meatgazer the Demonspawn Abyssal Knight began the quest for
                  | the Orb.
     0 | Abyss:1  | Reached XP level 1. HP: 18/18 MP: 2/2
   107 | Abyss:2  | Noticed a kraken
   121 | Abyss:2  | Noticed a raiju
   125 | Abyss:2  | Noticed a raiju
   125 | Abyss:2  | Noticed a raiju
   126 | Abyss:2  | Noticed a raiju
   126 | Abyss:2  | Noticed an efreet
   127 | Abyss:2  | Noticed a spatial vortex
   127 | Abyss:2  | Demolished by a tentacle

Illustrated notes

Levels and vault maps discovered:
Abyss:2:  base: Temple, evilmike_abyss_exit_kraken, evilmike_abyss_exit_kraken

Action                   || total
-------------------------++-------
  Use: Scroll            ||     1
       Potion            ||     1

Table legend: (Time is in decaauts)
 A = Elapsed time spent in this place.
 B = Non-inter-level travel time spent in this place.
 C = Inter-level travel time spent in this place.
 D = Time resting spent in this place.
 E = Time spent auto-exploring this place.
 F = Levels seen in this place.
 G = Mean time per level.
                   A        B        C        D        E       F      G
               +--------+--------+--------+--------+--------+-----+--------+
         Total |    126 |    126 |      0 |      0 |     87 |   2 |   63.0 |
         Abyss |    126 |    126 |      0 |      0 |     87 |   2 |   63.0 |
               +--------+--------+--------+--------+--------+-----+--------+

Top non-repeatable levels by time:
 Abyss:1: 83 daAuts
 Abyss:2: 43 daAuts
